[Event "MPL 41st IND-ch Teams 2022"]
[Site "Jalgaon"]
[Date "2022.04.12"]
[Round "8.2"]
[White "Deepan Chakkravarthy J."]
[Black "Kiran, Manisha Mohanty"]
[Result "1-0"]
[ECO "B56"]
[WhiteElo "2520"]
[BlackElo "2168"]
[Annotator "TA"]
[PlyCount "109"]
[EventDate "2022.04.08"]
[EventType "team-tourn"]
[EventCountry "IND"]
[SourceTitle "playchess.com"]
[Source "ChessBase"]
[SourceQuality "1"]
[TimeControl "5400+30"]

1. e4 c5 2. Nf3 d6 3. d4 cxd4 4. Nxd4 Nf6 5. Nc3 Nc6 6. f3 e5 7. Nb3 Be7 8. Be3 a5 {8...Be6 gains popularity.} 9. Bb5 O-O 10. Qd2 Na7 {B56: Classical Sicilian: Unusual Lines.} 11. Bxa7 Rxa7 12. a4 Be6 {White is slightly better.} 13. O-O-O Ra8 14. Kb1 {[#]} Rc8 $146 ({Predecessor:} 14... Ne8 15. Nd5 Bg5 16. Qd3 Nc7 17. Nxc7 Qxc7 18. Qxd6 Rfc8 19. Qxc7 Rxc7 20. Rd3 Kf8 {1-0 (54) Caruana,F (2792)-Dubov,D (2720) Chess.com INT 2022}) 15. g4 b6 16. h4 Qc7 17. Rhg1 Rfd8 18. g5 Nh5 19. Nd5 {Inhibits Nf4.} (19. Nc1 $14) 19... Bxd5 $11 20. exd5 f5 (20... g6 $11 {remains equal.}) 21. gxf6 (21. Bc6 $16) 21... Bxf6 22. Rg4 Rf8 23. Rc4 Qd8 24. Rc6 Nf4 25. Nd4 Bxh4 26. Ne6 Nxe6 27. dxe6 Be7 (27... Rxf3 $2 28. Qd5 Kh8 29. Qxf3 $18) 28. Qd3 Rf4 29. c3 {Inhibits Rd4.} Rxc6 30. Bxc6 g6 31. Qb5 Kg7 32. Be4 Kf6 33. Rh1 h5 34. Bc2 Kg7 35. Qd3 e4 $1 36. fxe4 Rg4 {Against Rg1} (36... Qc8 $11) 37. Rf1 $16 {Hoping for Rf7+.} Bf6 38. Qf3 $36 {[%cal Oe4e5][%mdl 2048] White has strong initiative.} Qe7 {[#]} 39. Bb3 ({White should try} 39. e5 $1 $16 dxe5 40. Qc6) 39... Rg5 $1 $11 40. Qf2 Re5 (40... b5 $11) 41. Qxb6 $16 {&Bianco is more active.} h4 42. Qe3 ({White should play} 42. Bd5 $18) 42... Rxe6 43. Bxe6 Qxe6 {[%mdl 4096] Endgame KQR-KQB} 44. Qa7+ (44. Kc2 $16) 44... Kh6 $14 45. Qe3+ ({Weaker is} 45. Qxa5 Qxe4+ 46. Ka1 Be5 $18) (45. Re1 $14 Be5 46. Qxa5) 45... Kg7 $1 $16 46. Qa7+ (46. Kc2 $16) 46... Kh6 $11 47. Qxa5 Qxe4+ 48. Ka1 Be5 49. Qb4 Qxb4 50. cxb4 {KR-KB} g5 $1 {Strongly threatening ...g4.} 51. a5 g4 $2 {[%mdl 8192] [#]} (51... h3 $11 52. Rd1 Bf4) 52. a6 Bd4 53. Rf4 $1 Bf2 54. Rxf2 g3 55. Rg2 {Weighted Error Value: White=0.21 (precise) /Black=0.44} 1-0

[Event "MPL 41st IND-ch Teams 2022"]
[Site "Jalgaon"]
[Date "2022.04.12"]
[Round "8.3"]
[White "Sriram, Jha"]
[Black "Swapnil, S. Dhopade"]
[Result "0-1"]
[ECO "A37"]
[WhiteElo "2379"]
[BlackElo "2495"]
[Annotator "TA"]
[PlyCount "64"]
[EventDate "2022.04.08"]
[EventType "team-tourn"]
[EventCountry "IND"]
[SourceTitle "playchess.com"]
[Source "ChessBase"]
[SourceQuality "1"]
[TimeControl "5400+30"]

1. Nf3 c5 2. c4 Nc6 3. Nc3 g6 4. g3 Bg7 5. Bg2 d6 6. d3 Rb8 7. O-O a6 8. a4 Nf6 9. Bd2 {[%emt 0:02:32] A37: Symmetrical English vs ...g6: 4 Bg2 Bg7 5 Nf3.} O-O 10. Qc1 Bg4 11. Bh6 {[%emt 0:07:18] The position is equal.} Bxf3 {[%emt 0:18:05] [#]} 12. exf3 $146 (12. Bxf3 $11 {was preferrable.} Nd4 13. Rb1) ({Predecessor:} 12. Bxf3 Nd4 13. Bxg7 Kxg7 14. Qd1 Nxf3+ 15. exf3 d5 16. Qe2 e6 17. Qe5 Kg8 18. Rfe1 {1-0 (44) Fell,L-Hamilton,D Australia 1963}) 12... Nd4 $17 13. Bxg7 Kxg7 14. Rb1 {[%emt 0:00:01] [#]} b5 $1 15. axb5 axb5 {[%emt 0:00:04] White must now prevent ...b4.} 16. cxb5 Rxb5 ({Stronger than} 16... Nxb5 17. Ne2 $15) 17. Re1 Rb3 18. Ra1 Qd7 19. Ra2 Rfb8 {[%emt 0:00:18] &Nero is much more active.} 20. f4 e6 21. h3 Qc7 22. Rd1 Ng8 23. Qa1 Ne7 24. Ra7 Qd8 25. Qa4 Nc8 {[%emt 0:04:25] Pair of Knights!} 26. Ra8 Rxb2 27. Rxb8 Rxb8 28. Ra1 Rb3 29. Ne4 Rxd3 (29... Ne7 $19 30. Qa2 Qd7) 30. Rb1 Qc7 {[%emt 0:00:05] [#] Prevents Rb7. ...d5 is the strong threat.} 31. Qe8 $2 (31. Bf1 $17 Nf3+ 32. Kg2) 31... d5 $19 32. Ra1 dxe4 {[%emt 0:02:51] Weighted Error Value: White=0.46/Black=0.09 (flawless)} 0-1

[Event "MPL 41st IND-ch Teams 2022"]
[Site "Jalgaon"]
[Date "2022.04.12"]
[Round "8.4"]
[White "Visakh N R"]
[Black "Swati Ghate"]
[Result "1-0"]
[ECO "D45"]
[WhiteElo "2522"]
[BlackElo "2136"]
[Annotator "TA"]
[PlyCount "142"]
[EventDate "2022.04.08"]
[EventType "team-tourn"]
[EventCountry "IND"]
[SourceTitle "playchess.com"]
[Source "ChessBase"]
[SourceQuality "1"]
[TimeControl "5400+30"]

1. d4 d5 2. c4 c6 3. Nc3 Nf6 4. e3 e6 5. Nf3 Nbd7 6. Qc2 Bd6 7. b3 b6 {[%emt 0:00:50] D45: Semi-Slav: 5 e3.} 8. Bb2 Bb7 9. Bd3 $1 {[%emt 0:01:40] The main line 9.Bd3 scores better than 9.Be2.} Rc8 {[%emt 0:04:25] The position is equal.} 10. O-O (10. Rd1 {is more complex.} c5 11. cxd5 cxd4 12. dxe6 dxc3 13. exd7+ Qxd7 14. Bf5) 10... O-O 11. Rad1 Qe7 12. Rfe1 Rfe8 13. e4 {[%emt 0:16:55] [#]} dxc4 $146 ({Predecessor:} 13... dxe4 14. Nxe4 Nxe4 15. Bxe4 Nf8 16. Ne5 Bxe5 17. dxe5 Red8 18. c5 Rc7 19. Rd6 Rcd7 {1-0 (30) Simantsev,M (2473)-Dauth,B (2349) Pardubice 2013}) 14. bxc4 e5 15. Ne2 c5 (15... g6 $14) 16. dxe5 $1 $18 (16. d5 $6 Red8 $16) 16... Nxe5 17. Nxe5 Bxe5 18. Bxe5 Qxe5 19. f4 Qh5 20. Nc3 $1 (20. Ng3 $6 Qh4 $11) 20... Bc6 (20... Qh6 $16) 21. e5 $1 Nd7 22. Re3 Qh4 23. g3 Qh6 24. Qe2 (24. Bf5 $1 $18 Rcd8 25. Red3 Nxe5 26. fxe5 (26. Rxd8 $2 {too greedy.} Nf3+ 27. Kh1 Nd4+ 28. Kg1 Nxc2 $19)) 24... Nf8 $16 25. Bf5 Ne6 26. Bxe6 (26. Rd6 $1 $18 {and the rest is easy.}) 26... fxe6 27. Red3 (27. Qg4 {looks sharper.} Kf7 28. Red3 Qg6 29. Qxg6+ Kxg6 30. Kf2) 27... Qg6 28. Nb5 (28. h4 $16) 28... Bxb5 $11 29. cxb5 h5 30. Rd6 (30. Rd7 {seems wilder.} h4 31. Kg2 Rf8 32. Qc4) 30... Re7 31. Qd3 (31. Kg2 {with more complications.} h4 32. Qd3 Qh5 33. Qf3) 31... Qxd3 (31... Qg4 $1 $11 {remains equal.}) 32. R1xd3 {[%emt 0:00:02][%mdl 4096] Endgame KRR-KRR} Kf7 33. Kf2 c4 34. Rc3 Rc5 35. a4 Rec7 36. Ke3 g6 37. Ke4 {[%emt 0:00:09] Against Rd5} Ke7 38. h3 {[%emt 0:00:11] &Bianco is more active.} Rc8 39. g4 (39. Rd2 $16) 39... h4 $2 (39... g5 $1 $11 {and Black stays safe.}) 40. Rd4 $18 R5c7 41. f5 $2 (41. Ke3 $18) 41... gxf5+ $14 42. gxf5 exf5+ 43. Kxf5 Rf8+ 44. Ke4 $1 Rfc8 45. Rd6 Rc5 $1 46. Rh6 Rf8 (46... Rd8 $14) 47. Rxh4 $16 Rf1 48. Rh7+ Ke6 49. Rh6+ (49. Rxa7 $2 {is a self mate.} Rxe5+ 50. Kd4 Rf4#) 49... Ke7 50. Rc6 $1 Re1+ 51. Kf4 $1 Rexe5 52. Rxc4 {[%emt 0:00:09] Intending R6xc5 and mate.} Rf5+ 53. Kg3 {[%emt 0:00:13] Strongly threatening R4xc5.} Rg5+ 54. Rg4 ({White should try} 54. Kf3 $16) 54... Rxc6 $11 55. Rxg5 {[%emt 0:00:09] KR-KR} Rc3+ 56. Kh4 Kf6 {[%emt 0:00:15] Prevents Rg7.} 57. Rg4 Ra3 58. Rc4 Kf5 59. Rg4 Rc3 60. Rg5+ Kf6 61. Rg3 Rc4+ $1 62. Rg4 Rc3 63. Rf4+ Ke5 64. Rf7 Rc4+ 65. Kg5 Rxa4 66. h4 {[%emt 0:00:03][%cal Bh3h4,Bh4h5][%mdl 32] And now Rf5+ would win.} Ke6 $2 {[%emt 0:01:09][%mdl 8192] [#]} (66... a6 $11) 67. Rf6+ $1 $18 Ke7 {[%emt 0:00:59][%cal Oa4h4] ...Rxh4! is the strong threat.} 68. h5 Ra1 {[%emt 0:00:55] ( -> ...Rg1+)} 69. Rf5 {[%emt 0:00:28] Black must now prevent h6.} Ke6 $2 {[%emt 0:00:15][%mdl 8192] [#]} (69... Rg1+ $14 70. Kh6 Ke6) 70. Kg6 $1 {[%emt 0:00:05] Hoping for h6.} ({Less strong is} 70. Rf6+ Ke7 71. Rf5 Rg1+ 72. Kh6 Ke6 $16) 70... Rh1 71. Rg5 Ke7 {[%emt 0:00:24] Weighted Error Value: White=0.21 (precise) /Black=0.21 (precise)} 1-0

[Event "MPL 41st IND-ch Teams 2022"]
[Site "Jalgaon"]
[Date "2022.04.12"]
[Round "8.5"]
[White "Puranik, Abhimanyu"]
[Black "Vipul Subhashi"]
[Result "1-0"]
[ECO "C65"]
[WhiteElo "2618"]
[BlackElo "2097"]
[Annotator "TA"]
[PlyCount "59"]
[EventDate "2022.04.08"]
[EventType "team-tourn"]
[EventCountry "IND"]
[SourceTitle "playchess.com"]
[Source "ChessBase"]
[SourceQuality "1"]
[TimeControl "5400+30"]

1. e4 e5 2. Nf3 Nc6 3. Bb5 Nf6 4. d3 Bc5 5. Bxc6 dxc6 6. Nbd2 {[%emt 0:00:09] C65: Ruy Lopez: Berlin Defence (3...Nf6), unusual lines and 4 0-0 Bc5.} O-O 7. Nc4 Nd7 8. Qe2 {[%emt 0:01:09] The position is equal.} Re8 9. Bd2 f6 10. Rg1 $5 {[%emt 0:08:15][%mdl 4] An interesting side line.} Nf8 11. g4 Ne6 {[%emt 0:02:22] [#]} 12. g5 $146 ({Predecessor:} 12. O-O-O b5 13. Ne3 Nf4 14. Qf1 Bf8 15. Nf5 c5 16. d4 exd4 17. Bxf4 Rxe4 18. Bd2 {0-1 (38) Chigaev,M (2566)-Pridorozhni,A (2565) Khanty-Mansiysk 2017}) 12... b5 13. Na5 Nf4 (13... Bd7 14. Nb7 Qe7 15. Nxc5 Nxc5 16. gxf6 Qxf6 17. Qe3 $16) 14. Bxf4 exf4 15. gxf6 ({Don't play} 15. Nxc6 Qd6 16. gxf6 Qxf6 $15) 15... Qxf6 {[%emt 0:01:31] [#] Hoping for ...Bb4+.} 16. O-O-O Bb4 (16... Bb6 $11 17. Nb3 a5) 17. Nb3 {[%emt 0:01:13] Pair of Knights!} a5 18. e5 Qf8 (18... Qf7 $142) 19. Nbd4 $16 Bd7 (19... Bc5 $142 20. Qe4 (20. Nxc6 Bb7 $16) 20... Bxd4 21. Nxd4 Ra6) 20. Qe4 $18 {[%emt 0:04:55] aiming for Ng5.} h6 {[%emt 0:01:16] Against Ng5} (20... Qf7 21. Ng5 (21. Nxc6 Qf5 $16) 21... Qg6 22. Qxf4 Rf8) 21. e6 {[%emt 0:06:38] Threatens to win with Rg6. White is clearly winning.} Ra6 22. Rg6 {[%emt 0:06:29] Rdg1 would kill now.} c5 {[%emt 0:03:23] [#]} 23. Rdg1 $1 cxd4 (23... Raxe6 24. Nxe6) 24. Rxg7+ Qxg7 25. Rxg7+ Kxg7 26. Qxd4+ Kg8 27. exd7 Rd8 28. Qe4 Bf8 29. Qe8 Raa8 30. Qe6+ {[%emt 0:00:05] Weighted Error Value: White=0.08 (flawless) /Black=0.38} 1-0

[Event "MPL 41st IND-ch Teams 2022"]
[Site "Jalgaon"]
[Date "2022.04.12"]
[Round "8.7"]
[White "Sankalp Gupta"]
[Black "Rahul Kumar, Pune"]
[Result "1-0"]
[ECO "C70"]
[WhiteElo "2536"]
[BlackElo "2184"]
[Annotator "TA"]
[PlyCount "89"]
[EventDate "2022.04.08"]
[EventType "team-tourn"]
[EventCountry "IND"]
[SourceTitle "playchess.com"]
[Source "ChessBase"]
[SourceQuality "1"]
[TimeControl "5400+30"]

1. e4 e5 2. Nf3 Nc6 3. Bb5 a6 4. Ba4 Nge7 5. c3 g6 6. d4 {C70: Ruy Lopez: 3...a6 4 Ba4, Norwegian and Delayed Schliemann.} exd4 7. cxd4 b5 8. Bc2 {White is slightly better.} Bg7 9. d5 Na5 10. Bd2 Nc4 11. Bc3 Bxc3+ 12. Nxc3 d6 13. Qd4 (13. Bb3 $14) 13... O-O $11 14. b3 {[#]} c5 $1 15. Qf6 (15. Qd3 Na3) 15... Na3 16. Bd1 {[#]} Nc6 $1 17. Qf4 (17. Qxd8 Nxd8) 17... Nd4 18. Nxd4 cxd4 19. Ne2 Qa5+ (19... d3 $11 20. Ng3 (20. Nd4 f5 $11) 20... b4) 20. Qd2 $14 Qxd2+ 21. Kxd2 f5 22. Nxd4 fxe4 {[#]} 23. f3 $146 ({Predecessor:} 23. Ke3 Bb7 24. Nc6 Rae8 25. g4 Bxc6 26. dxc6 b4 27. g5 Rf5 28. Rc1 Rxg5 29. h4 {1-0 (62) Tsolakidou,S (2240)-Stojanovic,A (2297) Tromsoe 2014}) 23... Bb7 $2 (23... exf3 $14 24. Bxf3 Bd7) 24. fxe4 $18 Rf2+ 25. Kc3 ({Better is} 25. Be2 $18) 25... a5 $16 (25... Rxg2 $2 26. Kb4 $18) 26. Bf3 {Strongly threatening Rhc1.} Rc8+ 27. Kd3 {Ne2 is the strong threat.} Nc2 (27... b4 $16 28. Rhc1 Nc2 29. Rxc2 Rcxc2 30. Nxc2 Ba6+ 31. Ke3 Rxc2) 28. Rac1 $18 b4 29. Rxc2 (29. e5 $1 $18 ) 29... Rcxc2 $16 30. Nxc2 {Black must now prevent Rc1.} Ba6+ 31. Kd4 Rd2+ 32. Ke3 Rxc2 {[%mdl 4096] Endgame KRB-KRB} 33. Ra1 (33. Re1 $16) 33... Bb5 $2 (33... Kf7 $11 {and Black stays safe.}) 34. Kf4 $1 $18 Kf7 {[#]} 35. e5 dxe5+ 36. Kxe5 Ke7 $2 {[#]} (36... Rc3 {might work better.} 37. Kd4 Ke8 38. Re1+ Kd8) 37. a3 $1 bxa3 38. Rxa3 Rc3 $2 (38... Be2 39. Be4 Rc5) 39. d6+ Kd7 40. Rxa5 Re3+ 41. Kd4 ({And not} 41. Be4 Bc6 42. Ra7+ Kd8 43. Rxh7 Rxe4+ 44. Kf6 Rb4 $11) 41... Rxb3 42. Kc5 {Ra7+ would kill now.} Bd3 (42... Rc3+ $18 43. Kxb5 Kxd6) 43. Bc6+ {White mates.} Ke6 44. Bd5+ Kd7 45. Bxb3 {Weighted Error Value: White=0.15 (very precise) /Black=0.46} 1-0

[Event "MPL 41st IND-ch Teams 2022"]
[Site "Jalgaon"]
[Date "2022.04.12"]
[Round "8.8"]
[White "Harsh, Himanshu"]
[Black "Raja Rithvik R"]
[Result "0-1"]
[ECO "B90"]
[WhiteElo "1802"]
[BlackElo "2490"]
[Annotator "TA"]
[PlyCount "68"]
[EventDate "2022.04.08"]
[EventType "team-tourn"]
[EventCountry "IND"]
[SourceTitle "playchess.com"]
[Source "ChessBase"]
[SourceQuality "1"]
[TimeControl "5400+30"]

1. e4 c5 2. Nf3 d6 3. d4 cxd4 4. Nxd4 Nf6 5. Nc3 a6 6. h3 e6 7. g4 Be7 8. Bg2 Nfd7 {B81: Sicilian Scheveningen: Keres Attack.} 9. Be3 Nc6 10. O-O {10.h4 gains popularity.} O-O {The position is equal.} 11. Qe2 Nxd4 12. Bxd4 b5 13. a4 (13. e5 $11 d5 14. a3) 13... b4 $1 $15 14. Na2 {[#]} a5 $146 {...Ba6 is the strong threat.} ({Predecessor:} 14... e5 15. Be3 a5 16. Rfd1 Ba6 17. Qe1 Nb6 18. b3 Qb8 19. c3 bxc3 20. Nxc3 Nd7 21. Nd5 Bd8 22. b4 axb4 {½-½ (22) Agdelen,H (1992)-Ererdem,G (2152) Manavgat 2016}) 15. c3 Ba6 16. c4 Bf6 17. Rfd1 Bxd4 18. Rxd4 Nc5 {aiming for ...Nb3.} 19. Rad1 Qe8 ({Black should try} 19... Qc8 $17 20. e5 (20. Rxd6 Nb7 $17) 20... d5) 20. Rxd6 $11 Qxa4 21. Nc1 b3 22. Bf1 Qb4 23. Qe3 a4 (23... Bxc4 $2 24. R6d4 Qb7 25. Rxc4 $18) 24. Nd3 Nxd3 25. Rb6 $2 {[%mdl 8192] [#] Now White is beyond hope.} (25. Qxd3 $11 Qc5 26. Rd7) 25... Qxb6 $3 $19 26. Qxb6 Nxb2 27. Rc1 Rfb8 28. Qd6 {[#]} Nxc4 $1 29. Bxc4 (29. Qd1 b2) 29... Bxc4 30. Rxc4 b2 31. Rb4 b1=Q+ {Black mates.} 32. Rxb1 Rxb1+ 33. Kg2 a3 34. Qc6 Rbb8 {Weighted Error Value: White=1.02/Black=0.12 (very precise)} 0-1

[Event "MPL 41st IND-ch Teams 2022"]
[Site "Jalgaon"]
[Date "2022.04.13"]
[Round "9.1"]
[White "Dony K V"]
[Black "Puranik, Abhimanyu"]
[Result "0-1"]
[ECO "A57"]
[WhiteElo "1633"]
[BlackElo "2618"]
[Annotator "TA"]
[PlyCount "102"]
[EventDate "2022.04.08"]
[EventType "team-tourn"]
[EventCountry "IND"]
[SourceTitle "playchess.com"]
[Source "ChessBase"]
[SourceQuality "1"]
[TimeControl "5400+30"]

1. d4 Nf6 2. c4 c5 3. d5 b5 4. cxb5 a6 5. b6 e6 6. Nc3 Nxd5 7. Nxd5 exd5 8. Qxd5 Nc6 9. Nf3 Be7 10. g3 O-O 11. Bg2 Rb8 12. O-O {[%emt 0:00:24] A57: Benko/Volga Gambit.} Rxb6 13. b3 {[%emt 0:04:22] [#]} Bb7 $146 ({Predecessor:} 13... Nb4 14. Qf5 d5 15. Qb1 Re8 16. Bb2 Be6 17. e3 Qc8 18. Bc3 Bf5 19. Qb2 Nd3 {0-1 (32) Flores Linan,J (1859)-Picanol Alemany,A (2308) Barcelona 2015}) 14. Qf5 {[%emt 0:09:04] The position is equal.} Bf6 15. Bg5 Bxg5 16. Nxg5 {[%emt 0:00:35][%csl Gg5][%cal Rf5h7] [#]} g6 17. Qg4 ({Don't play} 17. Qxc5 Rb5 18. Nxf7 Rxf7 $17) 17... h5 (17... Rb4 $15 18. f4 h6) 18. Qh4 Nd4 19. e3 ({Better is} 19. Rae1 $15) 19... Ne2+ $17 20. Kh1 Rb4 21. Bxb7 $2 {[%emt 0:10:03] This costs White the game.} Rxh4 $19 22. gxh4 Qb6 23. Bg2 Nc3 {[%emt 0:01:28] Prevents Rad1.} 24. Ne4 Nxe4 25. Bxe4 Qe6 26. Bg2 d5 27. Rfd1 Rd8 28. Rac1 d4 29. Rxc5 Qe7 30. Rc4 (30. Rcc1 $142 Qxh4 31. Kg1) 30... dxe3 {[%emt 0:00:29][%mdl 64] [#] Discovered Attack} 31. Re1 e2 {[%emt 0:00:10] ( -> ...Rd1)} 32. Bf3 Rd1 33. Rxd1 exd1=Q+ 34. Bxd1 {[%emt 0:00:08][%mdl 4096] Endgame KQ-KRB} Qe1+ 35. Kg2 Qxd1 {[%emt 0:00:03] KQ-KR} 36. Ra4 Qd5+ 37. Kg3 Qd6+ 38. Kg2 Kg7 39. Rc4 Kf6 40. Ra4 Ke5 {[%emt 0:00:19] And now ...f5 would win.} 41. Rc4 f5 42. f4+ Kf6 43. Ra4 Kg7 {[%emt 0:00:07] aiming for ...Qd2+.} 44. Kg3 Qd3+ 45. Kf2 Qh3 46. Rxa6 Qxh2+ {[%emt 0:00:05] Black mates.} 47. Ke3 Qxh4 48. Kd4 Qxf4+ 49. Kc5 h4 50. b4 h3 51. Ra7+ Kh6 {[%emt 0:00:09] Weighted Error Value: White=0.71/Black=0.07 (flawless)} 0-1

[Event "MPL 41st IND-ch Teams 2022"]
[Site "Jalgaon"]
[Date "2022.04.13"]
[Round "9.2"]
[White "Harsha Bharathakoti"]
[Black "Jithin K"]
[Result "1-0"]
[ECO "D42"]
[WhiteElo "2499"]
[BlackElo "1597"]
[Annotator "TA"]
[PlyCount "65"]
[EventDate "2022.04.08"]
[EventType "team-tourn"]
[EventCountry "IND"]
[SourceTitle "playchess.com"]
[Source "ChessBase"]
[SourceQuality "1"]
[TimeControl "5400+30"]

1. Nf3 Nf6 2. c4 c5 3. Nc3 Nc6 4. e3 e6 5. d4 d5 6. cxd5 Nxd5 7. Bd3 cxd4 8. exd4 Bb4 {B14: Caro-Kann: Panov-Botvinnik Attack with 5...e6 and 5...g6.} 9. O-O Nxc3 10. bxc3 Bxc3 {White is slightly better.} 11. Rb1 Qa5 (11... a5 $14) 12. Rb5 $16 {[#]} Qxa2 $146 (12... Qd8 $16) ({Predecessor:} 12... Qc7 13. Qc2 Ba5 14. Ba3 a6 15. Rg5 g6 16. d5 exd5 17. Rxd5 Ne7 18. Rc5 Nc6 {1-0 (41) Mircov,N (1767)-Nelson,O (1955) Douglas 2017}) 13. Rc5 Bb4 14. Bc4 $1 Qb1 15. Rg5 {And now Qe2 would win.} a5 $2 (15... Be7) 16. Qe2 $18 h6 (16... Bc3 $142 17. d5 Qb6 18. dxc6 bxc6) 17. Rxg7 Qf5 18. d5 Kf8 19. Qb2 $2 (19. Bb2 exd5 20. Nh4 $1) 19... exd5 {[#]} 20. Rg3 $1 Rh7 21. Bb3 {[%mdl 1024] White has strong compensation.} Qh5 (21... Qe6 $142) 22. Rd1 Ne7 {[#]} 23. Qc2 $2 (23. Rd4 $1 $18 Nf5 24. Bc2 (24. Rxd5 Be6 $16) 24... Nxd4 25. Qxd4) 23... Bf5 (23... Rg7 $1 $11 {keeps the balance.}) 24. Qc7 $36 {[%mdl 2048] Black is under pressure.} Rc8 25. Qxb7 {Threatens to win with Bb2. 0x0.0017ad110bf2dp-1022s more active pieces.} Bd6 {[#] aiming for ...Rb8.} 26. Ba4 ({Much worse is} 26. Re1 $6 Be4 $11) (26. Qa7 $1 $16) 26... Rxc1 $2 27. Rxc1 $18 {[%cal Bd1c1,Bc1c7,Bc7e7,Be7e8,Be8g8][%mdl 32] Threatening mate with Qa8+. Dancing on a razor blade.} Bxg3 28. hxg3 ({Don't play} 28. fxg3 $6 Qg6 $16) 28... Be4 $2 (28... Qg6 29. Rc5 Qf6) 29. Rc7 Bxf3 30. Rxe7 {White threatens Re8+ and mate.} Be4 31. Re8+ Kg7 32. Qb2+ Kg6 33. Rg8+ {Weighted Error Value: White=0.46/Black=0.92} 1-0

[Event "MPL 41st IND-ch Teams 2022"]
[Site "Jalgaon"]
[Date "2022.04.13"]
[Round "9.3"]
[White "Srikanth, K.."]
[Black "Sankalp Gupta"]
[Result "0-1"]
[ECO "B10"]
[WhiteElo "1877"]
[BlackElo "2536"]
[Annotator "TA"]
[PlyCount "60"]
[EventDate "2022.04.08"]
[EventType "team-tourn"]
[EventCountry "IND"]
[SourceTitle "playchess.com"]
[Source "ChessBase"]
[SourceQuality "1"]
[TimeControl "5400+30"]

1. e4 c6 2. Nc3 d5 3. f4 dxe4 4. Nxe4 Nf6 5. Nf2 g6 6. Nf3 {[%emt 0:00:12] B11: Caro-Kann: Two Knights Variation.} Bg7 7. Bc4 O-O 8. d4 {[%emt 0:02:51] The position is equal.} c5 9. dxc5 Qa5+ 10. c3 Qxc5 11. Qe2 b6 12. O-O Bb7 13. Be3 Qc7 {[%emt 0:01:12] [#]} 14. f5 $146 (14. Rad1 $11) ({Predecessor:} 14. Ne5 Nbd7 15. Bd4 Rad8 16. Nh3 Bd5 17. Bd3 Nc5 18. Bc2 Nfd7 19. Ng5 Nxe5 20. fxe5 {1-0 (33) Siebarth,R (2284)-Geshnizjani,R (2039) Willingen 2008}) 14... gxf5 $17 15. Nh3 Ng4 (15... Nbd7 $17 {Strongly threatening ...Ng4.} 16. Bd3 e6) 16. Bd3 (16. Bf4 $1 $15 e5 17. Bg3) 16... Nxe3 17. Qxe3 e6 $36 {[%emt 0:00:01][%cal Be7e6,Be6e5,Be5e4,Be4d3][%mdl 2080] Black is on the roll.} 18. Qg5 (18. Nf4 $17) 18... h6 19. Qh5 Nd7 20. Qh4 Nf6 21. Nf4 $2 {[%emt 0:00:09] [#]} (21. Nf2) 21... e5 $19 22. Nh5 Nxh5 23. Qxh5 e4 24. Nh4 exd3 25. Nxf5 Be4 26. Nxh6+ Bxh6 27. Qxh6 f5 28. Rf4 Qg7 {[%emt 0:01:18][%csl Ge4][%cal Rg7g2] [#] Black is clearly winning.} 29. Qh3 (29. Qxg7+ $142 Kxg7 30. a4) 29... Rf6 30. g3 Rd8 {Weighted Error Value: White=0.62/Black=0.11 (very precise)} 0-1